 Dungeon Crawl Stone Soup version 0.31-a0-210-gccc998df9b (webtiles) character file.

Game seed: 62195631553205332

9146 qw the Skirmisher (level 11, -12/71 HPs)
             Began as a Gargoyle Hexslinger on June 29, 2023.
             Mangled by Lodul
             ... wielding a +4 dire flail of draining
              (24 damage)
             ... on level 11 of the Dungeon.
             The game lasted 00:03:54 (8840 turns).

qw the Skirmisher (Gargoyle Hexslinger)             Turns: 8840, Time: 00:03:54

Health: -12/71     AC: 14    Str: 11 (12) XL:     11   Next: 41%
Magic:  12/12      EV: 12    Int: 15 (16) God:
Gold:   452        SH:  5    Dex: 22      Spells: 11/12 levels left

rFire   + + .        d - +2 orcbow (freeze)
rCold   + . .        (shield currently unavailable)
rNeg    + . .        f - +0 ring mail {rF+}
rPois   inf          (helmet restricted)
rElec   +            p - scarf {rC+ rF+}
rCorr   .            (no gloves)
SInv    +            (no boots)
Will    .....        g - amulet of reflection
Stlth   ++           k - +6 ring of dexterity
HPRegen 0.31/turn    o - ring "Zeimeu" {Int+2 Slay+4 SInv Stlth+}
MPRegen 0.13/turn

%: reflection
@: unable to read, unable to drink
A: sickness immunity, AC +8, negative energy resistance 1, electricity
resistance, torment resistance 1, petrification resistance, horns 1, subdued
magic 1, inability to drink after injury 1, inability to read after injury 1
a: no special abilities


You were on level 11 of the Dungeon.
You visited 2 branches of the dungeon, and saw 12 of its levels.
You also visited: Sewer.

You collected 452 gold pieces.


Innate Abilities, Weirdness & Mutations

You are immune to sickness and miasma.
Your stone body is resilient. (AC +8)
You are immune to poison.
You resist negative energy. (rN+)
You are resistant to electric shocks. (rElec)
You are resistant to unholy torment.
You are immune to petrification.
You have a pair of small horns on your head.
Your spells are a little easier to cast, but a little less powerful.
You occasionally lose the ability to drink potions when taking damage.
You occasionally lose the ability to read scrolls when taking damage.


   Skills:
 - Level 9.1 Fighting
 + Level 13.9 Ranged Weapons
 - Level 5.5 Armour
 - Level 4.0 Dodging
 - Level 1.0 Spellcasting
 - Level 2.6 Hexes


You had 11 spell levels left.
You knew the following spells:

 Your Spells              Type           Power      Damage    Failure   Level
a - Slow                  Hex            24%        N/A       16%         1

Your spell library contained the following spells:

 Spells                   Type           Power      Damage    Failure   Level
 Inner Flame              Hex/Fire       3%         N/A       63%         3
 Portal Projectile        Hex/Tloc       6%         N/A       63%         3
 Cause Fear               Hex            3%         N/A       85%         4

Inventory:

Hand Weapons
 d - a +2 orcbow of freezing (weapon)
Armour
 f - a +0 ring mail of fire resistance (worn)
 p - a scarf of resistance (worn)
Jewellery
 g - an amulet of reflection (around neck)
 k - a +6 ring of dexterity (left hand)
 o - the ring "Zeimeu" (right hand) {Int+2 Slay+4 SInv Stlth+}
   (You found it on level 5 of the Dungeon)

   [ring of slaying]

   Int:       It affects your intelligence (+2).
   Slay:      It affects your accuracy & damage with ranged weapons and melee
   (+4).
   SInv:      It lets you see invisible.
   Stlth:     It makes you more stealthy.
 r - a +6 ring of dexterity
Wands
 l - a wand of digging (8)
Scrolls
 e - 2 scrolls of teleportation
 h - a scroll of identify
Potions
 a - a potion of resistance
 b - 2 potions of curing
 c - a potion of attraction {unknown}
 i - a potion of haste {unknown}
 j - a potion of invisibility {unknown}
 m - a potion of brilliance {unknown}
 n - a potion of might {unknown}
 q - a potion of enlightenment {unknown}
 s - a potion of heal wounds

Dungeon Overview and Level Annotations

Branches:
Dungeon (11/15)            Temple (1/1) D:6            Lair (0/5) D:9
  Sewer (visited)
    Orc: D:9-12

Altars:
Ashenzari
Cheibriados
Dithmenos
Elyvilon
Fedhas
Gozag
Hepliaklqana
Kikubaaqudgha
Makhleb
Nemelex Xobeh
Okawaru
Qazlal
Ru
Sif Muna
Trog
Uskayaw
Vehumet
Wu Jian
Xom
Yredelemnul
Zin
The Shining One

Annotations:
D:3 1 runed translucent door, Crazy Yiuf
D:7 1 runed translucent door, qw's ghost, novice DEHu
D:11 Lodul


Message History

You shoot an arrow. The arrow hits the ogre!
The arrow freezes the ogre.
The ogre is almost dead.
You shoot an arrow. The arrow hits the ogre!!
The arrow freezes the ogre.
You kill the ogre!
You shoot an arrow.
The arrow hits the ogre but does no damage.
The ogre is moderately wounded.
The ogre closely misses you.
You shoot an arrow. The arrow barely misses the ogre.
You shoot an arrow. The arrow completely misses the ogre.
You shoot an arrow. The arrow hits the ogre!
The arrow freezes the ogre.
You kill the ogre!
The komodo dragon bites you!!
You feel your intelligence returning.
You shoot an arrow. The arrow hits the komodo dragon!
The komodo dragon seems to slow down.
The arrow freezes the komodo dragon.
The komodo dragon is heavily wounded.
A two-headed ogre comes into view.
It is wielding a +0 giant spiked club and a +0 giant club.
The ogre barely misses you. The komodo dragon bites you!!
You feel threatened and lose the ability to read scrolls!
You feel threatened and lose the ability to drink potions!
You shoot an arrow. The arrow hits the komodo dragon!
The arrow freezes the komodo dragon.
The komodo dragon is severely wounded.
The komodo dragon bites you.
You shoot an arrow.
The arrow barely misses the komodo dragon.
An ogre comes into view. It is wielding a +0 giant club.
The ogre hits you with a +0 giant club.
You shoot an arrow. The arrow hits the komodo dragon.
The komodo dragon seems to slow down.
The arrow freezes the komodo dragon.
The komodo dragon is almost dead.
Lodul closely misses you.
You shoot an arrow. The arrow hits the two-headed ogre!
The arrow freezes the two-headed ogre.
The two-headed ogre is moderately wounded.
You hear a shout!
You block the ogre's attack.
Lodul hits you with a +4 dire flail of draining!!
You die...

........|.^###
..........)).###
..........##...###
#........#####...##
###......# ##...#
#......# ##..#
#...##.# #..#
#..###.## #.<# ##.#
#..# #@O# #.# ##.#
#OO# #.# #.# #lO#
##.# ### ##...#
#..# ###.... ####
##l.O. ... ). .


You could see Lodul, a two-headed ogre, a komodo dragon (slow) and 2 ogres.

Vanquished Creatures
  A two-headed ogre (D:10)
  Pikel (D:4)
  A gargoyle (D:10)
  An unseen horror zombie (D:9)
  3 hornets
  5 wyverns
  A wraith (D:10)
  3 yaks (D:10)
  An acid dragon (D:10)
  A water moccasin (D:8)
  7 black bears
  4 orc warriors
  An ice beast (D:4)
  3 sky beasts
  7 ogres
  5 centaurs
  4 lemures (D:4)
  9 kobold brigands
  3 bullfrogs
  2 necrophages (D:9)
  3 wights (D:9)
  17 killer bees
  6 howler monkeys
  2 centaur zombies (D:9)
  5 jellies
  2 hounds
  A human zombie (D:9)
  4 orc priests
  3 sleepcaps
  2 iguanas (D:6)
  4 orc wizards
  2 mummies (D:9)
  A howler monkey zombie (D:9)
  4 gnolls (D:5)
  14 adders
  A river rat (Sewer)
  3 white imps
  An ufetubus (D:4)
  7 worms
  4 dart slugs
  22 orcs
  8 ball pythons
  8 endoplasms
  3 giant cockroaches
  10 goblins
  4 hobgoblins
  2 jackals (D:4)
  23 kobolds
  2 quokkas
  6 bats
  6 frilled lizards
  7 rats
250 creatures vanquished.

Notes
Turn   | Place    | Note
-------+----------+-------------------------------------------
     0 | D:1      | qw the Gargoyle Hexslinger began the quest for the Orb.
     0 | D:1      | Reached XP level 1. HP: 12/12 MP: 2/2
     0 | D:1      | 0 ||| qw: Version: 0.3-a-24-ga2abf7b
     0 | D:1      | 0 ||| qw: Game counter: 6774
     0 | D:1      | 0 ||| qw: Melee chars always use a shield: true
     0 | D:1      | 0 ||| qw: God list: Okawaru
     0 | D:1      | 0 ||| qw: Allow faded altars: false
     0 | D:1      | 0 ||| qw: Do Orc after clearing Dungeon:15 true
     0 | D:1      | 0 ||| qw: Do second Lair branch before Depths: true
     0 | D:1      | 0 ||| qw: Lair rune preference: random
     0 | D:1      | 0 ||| qw: Goals: Normal
     0 | D:1      | 0 ||| PLANNING D:1-11
   132 | D:1      | Reached XP level 2. HP: 16/16 MP: 3/3
   360 | D:1      | Reached skill level 3 in Ranged Weapons
   773 | D:1      | 773 ||| UPGRADING to +0 ring mail.
   783 | D:1      | 783 ||| DROPPING +0 robe.
   784 | D:1      | 784 ||| UPGRADING to +0 ring mail of fire resistance.
   794 | D:1      | 794 ||| DROPPING +0 ring mail.
   795 | D:1      | 795 ||| READING scroll labelled RALO IH PES.
   796 | D:1      | 796 ||| READING scroll labelled NUW VUKA QOLUO.
   797 | D:1      | 797 ||| READING scroll labelled YCWEAD UWKYOCZELA.
   798 | D:1      | 798 ||| DRINKING 2 lumpy white potions.
   799 | D:1      | 799 ||| DROPPING scroll of poison.
   846 | D:2      | Reached XP level 3. HP: 16/21 MP: 4/4
   849 | D:2      | 849 ||| FLEEEEING.
   850 | D:2      | 850 ||| FLEEEEING.
   851 | D:2      | 851 ||| FLEEEEING.
   852 | D:2      | 852 ||| FLEEEEING.
   853 | D:2      | 853 ||| FLEEEEING.
   854 | D:2      | 854 ||| STAIRDANCE
   985 | D:2      | 985 ||| READING scroll of enchant weapon.
   985 | D:2      | 985 ||| ENCHANTING +2 sling.
  1309 | D:2      | Noticed a black bear
  1317 | D:2      | HP: 4/21 [black bear (4)]
  1318 | D:2      | 1318 ||| DRINKING 2 potions of heal wounds.
  1321 | D:2      | HP: 1/21 [black bear (3)]
  1322 | D:2      | 1322 ||| DRINKING potion of heal wounds.
  1324 | D:2      | Killed a black bear
  1325 | D:2      | Reached skill level 4 in Ranged Weapons
  1325 | D:2      | Reached XP level 4. HP: 18/26 MP: 5/5
  1325 | D:2      | Reached XP level 5. HP: 21/30 MP: 6/6
  1471 | D:2      | 1471 ||| UPGRADING to +1 helmet.
  1476 | D:2      | 1476 ||| READING scroll labelled USCHAO QI PEU.
  1493 | D:3      | 1493 ||| PLANNING SEWER
  1566 | D:3      | Found a glowing drain.
  1577 | Sewer    | Entered a sewer
  1606 | Sewer    | Reached skill level 1 in Armour
  1628 | Sewer    | Reached skill level 5 in Ranged Weapons
  1663 | Sewer    | Noticed a kobold brigand
  1674 | Sewer    | Killed a kobold brigand
  1675 | Sewer    | Reached skill level 3 in Fighting
  1675 | Sewer    | Reached XP level 6. HP: 38/38 MP: 7/7
  1829 | Sewer    | 1829 ||| Stepping ~*~*~tactically~*~*~ (water).
  1911 | Sewer    | Reached skill level 6 in Ranged Weapons
  1977 | Sewer    | Reached XP level 7. HP: 20/44 MP: 8/8
  2131 | Sewer    | 2131 ||| READING scroll of enchant weapon.
  2131 | Sewer    | 2131 ||| ENCHANTING +3 sling.
  2166 | Sewer    | 2166 ||| Stepping ~*~*~tactically~*~*~ (water).
  2287 | Sewer    | Reached skill level 7 in Ranged Weapons
  2372 | D:3      | 2372 ||| PLANNING D:1-11
  2437 | D:3      | Found an ancient bone altar of Kikubaaqudgha.
  2642 | D:3      | Identified the +9 spear of Beun {flame, rPois Str+3}
  2960 | D:3      | Found a runed translucent door.
  2961 | D:3      | Noticed Crazy Yiuf
  3313 | D:3      | 3313 ||| UPGRADING to +6 ring of dexterity.
  3314 | D:3      | 3314 ||| READING scroll labelled VIYM GEELUUD.
  3315 | D:3      | 3315 ||| READING scroll labelled MEBIXKYEMY.
  3316 | D:3      | 3316 ||| DRINKING 2 murky ruby potions.
  3427 | D:4      | 3427 ||| FLEEEEING.
  3432 | D:4      | 3432 ||| STAIRDANCE
  3586 | D:4      | Reached XP level 8. HP: 48/48 MP: 9/9
  3747 | D:4      | Reached skill level 8 in Ranged Weapons
  3748 | D:4      | 3748 ||| FLEEEEING.
  3978 | D:4      | 3978 ||| UPGRADING to scarf of resistance.
  3983 | D:4      | 3983 ||| UPGRADING to amulet of guardian spirit.
  3988 | D:4      | 3988 ||| READING 2 scrolls labelled BEASO EPHIUTIS.
  3995 | D:4      | Noticed Pikel
  4004 | D:4      | Killed Pikel
  4029 | D:5      | Entered Level 5 of the Dungeon
  4066 | D:5      | HP: 11/49 [gnoll/+0 whip (2)]
  4067 | D:5      | Reached XP level 9. HP: 13/54 MP: 1/10
  4067 | D:5      | 4067 ||| READING scroll of teleportation.
  4068 | D:5      | 4068 ||| DRINKING potion of heal wounds.
  4092 | D:5      | HP: 7/54 [ogre/+0 giant spiked club (15)]
  4279 | D:5      | Identified the ring "Zeimeu" {Int+2 Slay+4 SInv Stlth+}
  4285 | D:5      | Reached skill level 9 in Ranged Weapons
  4303 | D:5      | Found a shimmering blue altar of Sif Muna.
  4377 | D:5      | Found a bloodstained altar of Trog.
  4393 | D:5      | Reached skill level 6 in Fighting
  4480 | D:5      | Found a burning altar of Makhleb.
  4501 | D:5      | 4501 ||| Stepping ~*~*~tactically~*~*~ (outnumbered).
  4771 | D:5      | 4771 ||| UPGRADING to ring "Zeimeu" {Int+2 Slay+4 SInv
                  | Stlth+}.
  4772 | D:5      | 4772 ||| READING 2 scrolls labelled PARAXU IMIALE.
  4773 | D:5      | 4773 ||| READING scroll labelled QETHAM KYR GINEB.
  4774 | D:5      | 4774 ||| READING scroll labelled MIUDOF OCUKO.
  4775 | D:5      | 4775 ||| DRINKING 2 bubbling pink potions.
  4879 | D:5      | 4879 ||| DRINKING 3 red potions.
  4880 | D:5      | 4880 ||| DROPPING scroll of amnesia.
  4881 | D:5      | 4881 ||| DROPPING potion of berserk rage.
  4882 | D:5      | 4882 ||| DROPPING 2 potions of magic.
  4943 | D:6      | 4943 ||| FLEEEEING.
  4944 | D:6      | 4944 ||| FLEEEEING.
  4945 | D:6      | 4945 ||| FLEEEEING.
  4948 | D:6      | 4948 ||| Stepping ~*~*~tactically~*~*~ (outnumbered).
  5043 | D:6      | Found a staircase to the Ecumenical Temple.
  5044 | D:6      | 5044 ||| PLANNING TEMPLE
  5052 | D:6      | Reached skill level 10 in Ranged Weapons
  5062 | D:6      | Reached skill level 3 in Dodging
  5066 | Temple   | Entered the Ecumenical Temple
  5179 | Temple   | 5179 ||| PLANNING D:1-11
  5567 | D:6      | 5567 ||| DRINKING 2 bubbling coppery potions.
  5568 | D:6      | 5568 ||| DRINKING 2 fuming pink potions.
  5568 | D:6      | Gained mutation: Your muscles are strong. (Str +4, Int/Dex
                  | -1) [potion of mutation]
  5568 | D:6      | Gained mutation: You have hidden genetic potential. [potion
                  | of mutation]
  5568 | D:6      | Gained mutation: You are occasionally teleported next to
                  | monsters. [potion of mutation]
  5568 | D:6      | Gained mutation: You have a pair of small horns on your
                  | head. [potion of mutation]
  5569 | D:6      | 5569 ||| DRINKING potion of mutation.
  5569 | D:6      | Lost mutation: You are occasionally teleported next to
                  | monsters. [potion of mutation]
  5569 | D:6      | Lost mutation: Your muscles are strong. (Str +4, Int/Dex
                  | -1) [potion of mutation]
  5569 | D:6      | Lost mutation: You have hidden genetic potential. [potion
                  | of mutation]
  5569 | D:6      | Gained mutation: You occasionally lose the ability to drink
                  | potions when taking damage. [potion of mutation]
  5569 | D:6      | Gained mutation: You have sharp toenails. [potion of
                  | mutation]
  5569 | D:6      | Gained mutation: You have hidden genetic defects. [potion
                  | of mutation]
  5570 | D:6      | 5570 ||| DROPPING +1 helmet.
  5645 | D:7      | 5645 ||| SWAPPING to +2 antimagic orcbow.
  5646 | D:7      | 5646 ||| DROPPING +4 sling of freezing.
  5723 | D:7      | Gained mutation: Your spells are a little easier to cast,
                  | but a little less powerful. [hidden defects]
  5797 | D:7      | Found a snail-covered altar of Cheibriados.
  5813 | D:7      | Reached XP level 10. HP: 52/63 MP: 3/11
  5891 | D:7      | 5891 ||| Stepping ~*~*~tactically~*~*~ (outnumbered).
  5896 | D:7      | Reached skill level 11 in Ranged Weapons
  5897 | D:7      | Gained mutation: You are vulnerable to heat. (rF-) [hidden
                  | defects]
  5897 | D:7      | Lost mutation: You have hidden genetic defects. [hidden
                  | defects expressed]
  5910 | D:7      | Found a flagged portal.
  6038 | D:7      | 6038 ||| READING scroll of brand weapon.
  6038 | D:7      | 6038 ||| BRANDING +2 antimagic orcbow.
  6124 | D:7      | Found a runed translucent door.
  6125 | D:7      | Noticed qw's ghost (novice DEHu)
  6348 | D:7      | 6348 ||| UPGRADING to amulet of reflection.
  6358 | D:7      | 6358 ||| DROPPING amulet of guardian spirit.
  6387 | D:8      | 6387 ||| DRINKING potion of mutation.
  6387 | D:8      | Lost mutation: You are vulnerable to heat. (rF-) [potion of
                  | mutation]
  6387 | D:8      | Lost mutation: You have sharp toenails. [potion of
                  | mutation]
  6387 | D:8      | Gained mutation: You occasionally lose the ability to read
                  | scrolls when taking damage. [potion of mutation]
  6447 | D:8      | Found a radiant altar of Vehumet.
  6699 | D:8      | Reached skill level 12 in Ranged Weapons
  6863 | D:8      | Found a sparkling altar of Nemelex Xobeh.
  6922 | D:8      | 6922 ||| DRINKING 2 amethyst potions.
  6950 | D:8      | 6950 ||| DROPPING potion of lignification.
  7169 | D:9      | Found a hide-covered altar of Uskayaw.
  7433 | D:9      | Found a staircase to the Lair.
  7551 | D:9      | Found a basalt altar of Yredelemnul.
  7836 | D:9      | 7836 ||| DROPPING ring of fire.
  7837 | D:9      | 7837 ||| DRINKING 2 ruby potions.
  7838 | D:9      | 7838 ||| DROPPING potion of degeneration.
  7852 | D:10     | Entered Level 10 of the Dungeon
  7857 | D:10     | Noticed a gargoyle
  7859 | D:10     | Killed a gargoyle
  7860 | D:10     | Reached skill level 13 in Ranged Weapons
  7860 | D:10     | Reached XP level 11. HP: 68/68 MP: 12/12
  7907 | D:10     | Found an ornate altar of the Wu Jian Council.
  7907 | D:10     | Found a sacrificial altar of Ru.
  7947 | D:10     | Noticed a two-headed ogre
  7952 | D:10     | Killed a two-headed ogre
  7953 | D:10     | Reached skill level 9 in Fighting
  8648 | D:10     | Found an iron altar of Okawaru.
  8708 | D:11     | 8708 ||| Stepping ~*~*~tactically~*~*~ (outnumbered).
  8709 | D:11     | 8709 ||| Stepping ~*~*~tactically~*~*~ (outnumbered).
  8711 | D:11     | 8711 ||| Stepping ~*~*~tactically~*~*~ (outnumbered).
  8824 | D:11     | Noticed Lodul
  8826 | D:11     | 8826 ||| FLEEEEING.
  8827 | D:11     | 8827 ||| FLEEEEING.
  8836 | D:11     | Noticed a two-headed ogre
  8836 | D:11     | HP: 17/71 [komodo dragon (23)]
  8840 | D:11     | Mangled by Lodul

Levels and vault maps discovered:
D:1:      matt_arrival_diagonals, layout_basic
D:2:      layout_basic
D:3:      layout_basic, mainiacjoe_overflow_boulevard,
          cheibrodos_sewer_entry_sluice, serial_corexii_hall,
          chequers_hall_statues_corner_a, chequers_hall_statues_wall_a,
          chequers_hall_statues_wall_a, corexii_hall_statues_l,
          corexii_hall_statues_x, corexii_hall_statues_i,
          uniq_crazy_yiuf_cottage
D:4:      layout_basic, uniq_pikel
D:5:      layout_rooms, nzn_overflow_gifts_of_might_and_magic,
          general_overflow_altar
D:6:      corexii_shack_village, layout_basic,
          minmay_temple_entry_drinking_statues, eino_tiny_chamber, st_stairs_6
D:7:      layout_rooms, kennysheep_slug_shrine, ebering_ghost_inner_flame,
          enter_bailey_3, ebering_dispersal_statue_hall
D:8:      layout_loops_ring, kennysheep_mini, nicolae_vehumet_radiance
D:9:      layout_basic, lemuel_mausoleum_altar_yredelemnul,
          nicolae_uskayaw_dance_hall, lair_entry_dummy, chequers_arboretum
D:10:     layout_roguey, nicolae_overflow_hidden_temple, jmf_multi_god_temple
D:11:     layout_layer_cave, erik_orc_3, uniq_lodul, uniq_josephine
Temple:   nicolae_temple_two_arcs

Skill      XL: |  1  2  3  4  5  6  7  8  9 10 11 |
---------------+----------------------------------+-----
Ranged Weapons | 3 4 5 6 7 8 10 13 | 13.9
Fighting       | 2 3 4 5 7 8 9 |  9.1
Armour         | 1 5 |  5.5
Dodging        | 2 3 4 |  4.0
Spellcasting   | |  1.0
Hexes          | |  2.6

Action                     |  1- 3 |  4- 6 |  7- 9 | 10-12 || total
---------------------------+-------+-------+-------+-------++-------
   Fire: Sling             |    95 |   138 |   377 |       ||   610
         Orcbow            |       |       |    34 |   274 ||   308
    Use: Scroll            |     4 |     1 |     8 |     1 ||    14
         Potion            |     3 |       |     7 |     3 ||    13
 Armour: Robe              |     4 |       |       |       ||     4
         Ring mail         |    32 |    23 |   156 |    65 ||   276
  Dodge: Dodged            |    37 |    22 |   196 |    82 ||   337
  Block: Other             |       |       |       |    30 ||    30
         Reflection        |       |       |       |     1 ||     1

Table legend:
 A = Non-vault XP
 B = Vault XP
 C = Vault XP percentage of total XP
 D = Non-vault monster count
 E = Vault monster count
 F = Vault count percentage of total count
                 A         B        C        D         E       F
            +---------+---------+-------+---------+---------+-------
      Total |    9652 |    3414 |  26.1 |     183 |      63 |  25.6
            +---------+---------+-------+---------+---------+-------
        D:1 |      26 |       0 |   0.0 |      16 |       0 |   0.0
        D:2 |     179 |       0 |   0.0 |      12 |       0 |   0.0
        D:3 |      72 |       6 |   7.7 |      21 |       2 |   8.7
        D:4 |     508 |     651 |  56.2 |      15 |       1 |   6.2
        D:5 |     737 |     173 |  19.0 |      16 |       2 |  11.1
        D:6 |     708 |      52 |   6.8 |      21 |       6 |  22.2
        D:7 |    2335 |      11 |   0.5 |      28 |       5 |  15.2
        D:8 |     906 |       0 |   0.0 |      14 |       0 |   0.0
        D:9 |     972 |     943 |  49.2 |      13 |      12 |  48.0
       D:10 |    3021 |     202 |   6.3 |      23 |       2 |   8.0
       D:11 |     188 |     597 |  76.1 |       4 |       5 |  55.6
      Sewer |       0 |     779 | 100.0 |       0 |      28 | 100.0
            +---------+---------+-------+---------+---------+-------
